Map: 2000 Atmospheres LE

Players

A.I. 1 (Easy)

  • Race: Terran Terran
  • Spawn Location: 3:00

MagmaShark - Winner!

  • Race: Terran Terran
  • League: Platinum
  • Spawn Location: 7:00

VOD

Have the link to the VOD?

Description

Time

  • Played on: July 11, 2022, 12:23 a.m.
  • Length: 3:55
Show
View Real Time Build Order
Export as new Build Order

A.I. 1 (Easy) Terran 

Build Orders:  

Get SALT Encoding   

  12  0:00  SCV  
  13  0:13  SCV  
  14  0:18  Supply Depot  
  14  0:25  SCV  
  15  0:40  SCV  
  16  0:43  Barracks  
  16  0:44  Refinery  
  16  1:09  Supply Depot  
  16  1:20  Refinery  
  16  1:29  Marine  
  16  1:32  Orbital Command  
  17  1:48  Barracks Tech Lab  
  17  1:57  SCV  
  18  2:05  Marine  
  19  2:09  SCV  
  19  2:11  Supply Depot  
  20  2:21  SCV  
  20  2:23  Marine  
  20  2:33  SCV  
  21  2:41  Marine  
  21  2:45  SCV  
  20  2:57  SCV  
  20  2:59  Marine  
  17  3:09  SCV  
  16  3:17  Marine  
  13  3:21  SCV  
  10  3:33  SCV  
  8  3:34  Marine  
Show
View Real Time Build Order
Export as new Build Order

MagmaShark Terran - Winner!

Build Orders:  

Get SALT Encoding   

  12  0:00  SCV  
  13  0:12  SCV  
  14  0:19  Supply Depot  
  14  0:24  SCV  
  15  0:43  Barracks  
  15  0:46  Refinery  
  15  0:58  Barracks  
  15  1:13  Barracks  
  15  1:20  SCV  
  16  1:27  Refinery  
  16  1:34  Reaper  
  17  1:45  SCV  
  18  1:54  Supply Depot  
  18  1:58  Reaper  
  18  2:04  Reaper  
  19  2:12  Reaper  
  20  2:31  Reaper  
  20  2:33  SCV  
  20  2:36  Reaper  
  23  2:54  Reaper  
  23  3:00  Orbital Command  
  22  3:07  Reaper  
  24  3:27  SCV  
  25  3:36  Factory  
Tags
 
League
Platinum
Matchup
TvT
Race
Terran
Spawn Locations
Cross Positions
Add a new tag
Caveats
  • Supply blocks, unpowered buildings, or Contaminate may cause inaccurate times.
  • Supply counts are checked every 10 seconds.